 Dungeon Crawl Stone Soup version 0.17.0-73-gb648821 (webtiles) character file.

389 JokEr the Skirmisher (level 6, 0/41 HPs)
             Began as a Gargoyle Fighter on Dec 10, 2015.
             Killed from afar by Dowan (11 damage)
             ... with a shard of ice
             ... on level 4 of the Dungeon.
             The game lasted 00:06:29 (2777 turns).

JokEr the Skirmisher (Gargoyle Fighter)             Turns: 2777, Time: 00:06:29

Health: 0/41       AC: 13    Str: 26    XL:     6   Next: 79%
Magic:  6/6        EV:  7    Int:  9    God:
Gold:   116        SH:  9    Dex:  9    Spells: 0 memorised, 5 levels left

rFire  . . .     SeeInvis .     a - +0 flail
rCold  . . .     Clarity  .     b - +1 scale mail
rNeg   + . .     SustAt   .     c - +0 shield
rPois  ∞         Gourm    .     l - +0 helmet
rElec  +         Spirit   .     (no cloak)
rCorr  .         Warding  .     (no gloves)
rMut   .         Stasis   .     (no boots)
MR     .....                    (no amulet)
Stlth  ..........               (no ring)
                                (no ring)

@: mighty, not resistant to hostile enchantments, extremely unstealthy
A: negative energy resistance 1, electricity resistance, unbreathing,
petrification resistance, rot immunity, AC +4
a: no special abilities


You were on level 4 of the Dungeon.
You were not hungry.

You visited 1 branch of the dungeon, and saw 4 of its levels.

You collected 116 gold pieces.

Inventory:

Hand Weapons
 a - a +0 flail (weapon)
Armour
 b - a +1 scale mail (worn)
 c - a +0 shield (worn)
 l - a +0 helmet (worn)
Jewellery
 q - an uncursed ring of ice
Scrolls
 f - 2 scrolls of identify
 k - 2 scrolls of immolation
 o - 3 scrolls of teleportation
 t - a scroll of recharging
Potions
 e - a potion of brilliance {unknown}
 g - a potion of haste {unknown}
 h - a potion of heal wounds {unknown}
 i - a potion of magic {unknown}
 n - a potion of flight {unknown}
 s - a potion of beneficial mutation {unknown}
Comestibles
 m - a meat ration
 p - 7 fruits


   Skills:
 + Level 6.3 Fighting
 + Level 5.0 Maces & Flails
 - Level 3.2 Armour
 - Level 3.2 Shields


You had 5 spell levels left.
You didn't know any spells.

Dungeon Overview and Level Annotations

Branches:
Dungeon (4/15)
 Temple: D:4-7

Altars:
Ashenzari
Kikubaaqudgha
Vehumet

Annotations:
D:4 Dowan


Innate Abilities, Weirdness & Mutations

You are resistant to torment.
Your stone body is resilient (AC +4).
You are immune to poison.
You resist negative energy.
You are resistant to electric shocks.
You can survive without breathing.
You are immune to petrification.
You are immune to rotting.


Message History

You see here a club.
Dowan gestures wildly while chanting.
Dowan blinks!
You see here a club.
You see here a club.
You sock the worm!
The worm is severely wounded.
You sock the worm!
You kill the worm!
Dowan zaps a wand.
The magic dart hits you!
Dowan points at you and mumbles some strange words.
You block the shard of ice.
Dowan zaps a wand.
The magic dart hits you! You block Dowan's attack.
You see here a club.
You hit Dowan.
Dowan is severely wounded.
Dowan zaps a wand.
The magic dart hits you! Dowan casts a spell at you. The shard of ice hits you!
You die...

#....(. ........ #.....
........ ... #....% ......
..... #..... .... .....
#....# #..# ...#
###....#########..####...###
#...........................
#...........................
#.............))@...........
##.....###...##e####....###
#########...##)####....##
...............#.......+
...............#.......# .
..............#.......#
#.##..###...#######....##
##.##..###...##.####....##.#
..............#.............


You could see Dowan.

Vanquished Creatures
  Duvessa (D:4)
  The ghost of lucasterio the Cudgeler, an amateur DsBe of Trog (D:3)
  An iguana (D:4)
  Robin (D:4)
  3 adders (D:3)
  6 gnolls
  An ooze (D:2)
  6 worms
  A giant gecko (D:1)
  A ball python (D:1)
  15 goblins
  7 hobgoblins
  4 jackals (D:3)
  5 kobolds
  5 quokkas
  4 bats
  A giant newt (D:3)
  6 rats
69 creatures vanquished.

Notes
Turn   | Place    | Note
--------------------------------------------------------------
     0 | D:1      | JokEr the Gargoyle Fighter began the quest for the Orb.
     0 | D:1      | Reached XP level 1. HP: 14/14 MP: 1/1
   215 | D:1      | Reached XP level 2. HP: 19/19 MP: 2/2
   655 | D:2      | Found a radiant altar of Vehumet.
   785 | D:2      | Reached skill level 4 in Fighting
   797 | D:2      | Reached XP level 3. HP: 24/24 MP: 3/3
  1029 | D:2      | Reached XP level 4. HP: 17/30 MP: 4/4
  1817 | D:3      | Found a shattered altar of Ashenzari.
  1823 | D:3      | Found an ancient bone altar of Kikubaaqudgha.
  1877 | D:3      | Noticed lucasterio's ghost (amateur DsBe)
  1893 | D:3      | Killed lucasterio's ghost
  1893 | D:3      | Reached skill level 5 in Fighting
  1893 | D:3      | Reached XP level 5. HP: 24/35 MP: 5/5
  2232 | D:3      | Reached XP level 6. HP: 38/40 MP: 6/6
  2631 | D:4      | Noticed Robin
  2644 | D:4      | Killed Robin
  2736 | D:4      | Noticed Duvessa
  2755 | D:4      | Noticed Dowan
  2761 | D:4      | Killed Duvessa
  2761 | D:4      | Reached skill level 6 in Fighting
  2761 | D:4      | Reached skill level 5 in Maces & Flails
  2777 | D:4      | Killed from afar by Dowan

Action                   |  1- 3 |  4- 6 || total
-------------------------+-------+-------++-------
Melee: Flail             |   111 |   183 ||   294
  Use: Scroll            |     4 |     7 ||    11
       Potion            |     1 |     1 ||     2
  Eat: Bread ration      |     1 |     1 ||     2
